 Dungeon Crawl Stone Soup version 0.29.1-12-g30fa7ad0bf (webtiles) character file.

Game seed: 10988901804998178809

87 xian the Charlatan (level 4, -4/48 HPs)
             Began as a Demonspawn Artificer on Jan 10, 2023.
             Slain by an orc priest
             ... wielding a +0 flail
              (6 damage)
             ... on level 3 of the Dungeon.
             The game lasted 00:06:07 (2862 turns).

xian the Charlatan (Demonspawn Artificer)           Turns: 2862, Time: 00:06:08

Health: -4/48      AC:  5    Str: 12    XL:     4   Next: 28%
Magic:  4/4        EV: 10    Int: 14    God:
Gold:   142        SH:  4    Dex: 14    Spells: 3/3 levels left

rFire   . . .      SeeInvis .   i - +0 dagger
rCold   . . .      Faith    .   h - +1 buckler of Kikubaaqudgha {+Inv}
rNeg    . . .      Spirit   .   n - +0 ring mail
rPois   .          Reflect  .   (no helmet)
rElec   .          Harm     .   (no cloak)
rCorr   .          Rampage  .   (no gloves)
Will    .....                   (no boots)
Stlth   ..........              (no amulet)
HPRegen 0.16/turn               (no ring)
MPRegen 0.09/turn               (no ring)

@: berserking, very quick
A: demonic magic 1, weakness stinger 1
a: Evoke Invisibility


You were on level 3 of the Dungeon.
You visited 1 branch of the dungeon, and saw 3 of its levels.

You collected 142 gold pieces.

Inventory:

Hand Weapons
 a - a +0 club
 i - a +0 dagger (weapon)
Missiles
 g - 4 boomerangs
Armour
 b - a +0 leather armour
 h - the +1 buckler of Kikubaaqudgha (worn) {+Inv}
   (You acquired it on level 1 of the Dungeon)

   +Inv:      It lets you turn invisible.
 n - a +0 ring mail (worn)
Wands
 c - a wand of flame (9) (quivered)
 d - a wand of charming (15)
 e - a wand of iceblast (5)
 w - a wand of digging (3)
Scrolls
 j - 2 scrolls of noise {unknown}
 k - a scroll of magic mapping
 l - a scroll of enchant armour
 m - a scroll of fear {unknown}
 p - a scroll of teleportation {unknown}
 q - a scroll of torment {unknown}
 t - a scroll of blinking {unknown}
 x - a scroll of brand weapon {unknown}
 y - a scroll of amnesia {unknown}
Potions
 f - a potion of cancellation
 o - a potion of heal wounds {unknown}
 r - a potion of brilliance
 u - a potion of lignification {unknown}
 v - a potion of might {unknown}


   Skills:
 + Level 1.2 Fighting
 + Level 1.0 Short Blades
 + Level 0.8 Maces & Flails
 + Level 2.3 Armour
 + Level 1.6 Dodging
 + Level 1.2 Stealth
 + Level 0.3 Shields
 * Level 3.6 Evocations


You had 3 spell levels left.
You didn't know any spells.
Your spell library was empty.

Dungeon Overview and Level Annotations

Branches:
Dungeon (3/15)

Altars:

Annotations:
D:3 Grinder


Innate Abilities, Weirdness & Mutations

Spells you cast may paralyse adjacent enemies.
You have a small tail.


Message History

The orc priest grunts loudly.
The frilled lizard bites you but does no damage.
Unknown command.
You closely miss something. Something hits you but does no damage.
The frilled lizard closely misses you.
Unknown command.
You barely miss the frilled lizard. Something hits you.
The frilled lizard bites you but does no damage.
You hit the frilled lizard.
You kill the frilled lizard!
Something hits you but does no damage.
You completely miss the orc priest.
The orc priest hits you with a +0 flail.
Something hits you but does no damage.
You hit the orc priest but do no damage.
The orc priest hits you with a +0 flail!
Something hits you but does no damage.
You hit the orc priest but do no damage.
The orc priest casts a cantrip, but nothing happens.
You block something's attack.
You hit the orc priest but do no damage.
You tail-slap the orc priest.
The orc priest is moderately wounded.
The orc priest barely misses you. You block something's attack.
Unknown command.
You hit the orc priest but do no damage.
The orc priest is moderately wounded.
The orc priest barely misses you. Something hits you.
You closely miss the orc priest.
The orc priest is moderately wounded.
The orc priest invokes the aid of Beogh against you.
Pain shoots through your body!
* * * LOW HITPOINT WARNING * * *
Something hits you but does no damage.
Unknown command.
It was a potion of berserk rage.
A red film seems to cover your vision as you go berserk!
You feel yourself moving faster!
You feel mighty!
The orc priest hits you with a +0 flail.
You die...

#. #. #. ### .5 ..# #.
#.########### #.
#.##........#
####.#.#####.##.#♣♣.##.# #
#........o@).....♣.♣##.####
#.##.#.#####.##.♣♣.♣ ♣♣♣♣..
... #.##♣♣.♣♣ ♣...♣♣ #...
#.# ♣..♣♣♣♣.♣♣♣# #... ..#
♣8.....♣♣ # ###. ###
♣_..∩.♣♣♣ ♣♣ #.
♣8......♣♣♣. #.
♣..♣♣♣♣..... ##+## ♣...♣
#♣♣♣♣♣


You could see an orc priest.

Vanquished Creatures
  A hound (D:2)
  An adder (D:2)
  2 dart slugs
  An orc (D:3)
  5 endoplasms
  5 goblins
  3 hobgoblins
  2 kobolds
  6 quokkas
  5 ball pythons
  A bat (D:1)
  6 frilled lizards
  2 rats (D:1)
40 creatures vanquished.

Notes
Turn   | Place    | Note
-------+----------+-------------------------------------------
     0 | D:1      | xian the Demonspawn Artificer began the quest for the Orb.
     0 | D:1      | Reached XP level 1. HP: 15/15 MP: 1/1
    31 | D:1      | Reached skill level 1 in Dodging
   216 | D:1      | Gained mutation: Spells you cast may paralyse adjacent
                  | enemies. [demonic ancestry]
   216 | D:1      | Reached XP level 2. HP: 4/21 MP: 2/2
  1032 | D:1      | Identified a scroll of acquirement
  1036 | D:1      | Acquired the +1 buckler of Kikubaaqudgha {+Inv}
  1467 | D:1      | Reached XP level 3. HP: 26/26 MP: 3/3
  1685 | D:2      | Reached skill level 1 in Stealth
  2035 | D:2      | Gained mutation: You have a small tail. [demonic ancestry]
  2035 | D:2      | Reached XP level 4. HP: 29/32 MP: 4/4
  2231 | D:2      | Reached skill level 1 in Short Blades
  2765 | D:3      | Found a faded altar of an unknown god.
  2832 | D:3      | Noticed Grinder
  2861 | D:3      | HP: 1/32 [orc priest/nerve-wracking pain (13)]
  2862 | D:3      | Slain by an orc priest

Illustrated notes

Levels and vault maps discovered:
D:1:      lightli_arrival_statue_moat, layout_loops_cross, serial_bayou_lagoon_b
D:2:      layout_rooms, dk_noncrumbling_4
D:3:      layout_loops_corners, shapermc_ecumenical_altar_totnotflames,
          chequers_serial_rivers_micro_b, uniq_grinder

Skill      XL: |  1  2  3  4 |
---------------+-------------+-----
Dodging        | 1 |  1.6
Armour         | 2 |  2.3
Stealth        | 1 |  1.2
Short Blades   | 1 |  1.0
Fighting       | |  1.2
Maces & Flails | |  0.8
Shields        | |  0.3
Evocations     | |  3.6

Action                   |  1- 3 |  4- 6 || total
-------------------------+-------+-------++-------
Melee: Club              |    24 |       ||    24
       Dagger            |   102 |    60 ||   162
       Tailslap          |       |     6 ||     6
Evoke: Wand              |     6 |       ||     6
  Use: Scroll            |     6 |       ||     6
       Potion            |       |     1 ||     1
Armor: Leather armour    |    13 |       ||    13
       Ring mail         |    24 |    23 ||    47
Dodge: Dodged            |    65 |    27 ||    92
Block: Buckler           |    14 |    14 ||    28
